 Dungeon Crawl Stone Soup version 0.30.1-11-g7821555f0a (webtiles) character file.

Game seed: 3739595619417264390

272 Arctor the Shield-Bearer (level 6, 0/48 HPs)
             Began as a Human Fighter on Jan 12, 2024.
             Killed from afar by an orc wizard (6 damage)
             ... with a puff of flame
             ... on level 4 of the Dungeon.
             The game lasted 00:02:33 (2165 turns).

Arctor the Shield-Bearer (Human Fighter)            Turns: 2165, Time: 00:02:33

Health: 0/48       AC: 10    Str: 18    XL:     6   Next: 48%
Magic:  6/6        EV:  9    Int:  9    God:
Gold:   157        SH: 10    Dex: 12    Spells: 5/5 levels left

rFire   . . .        a - +0 war axe
rCold   . . .        c - +0 buckler
rNeg    . . .        b - +0 scale mail
rPois   .            h - +2 helmet
rElec   .            (no cloak)
rCorr   .            (no gloves)
SInv    .            (no boots)
Will    .....        l - amulet of reflection Stlth
                     (no ring)
HPRegen 0.28/turn    (no ring)
MPRegen 0.10/turn

%: reflection
@: no status effects
A: no striking features
a: no special abilities


You were on level 4 of the Dungeon.
You visited 1 branch of the dungeon, and saw 4 of its levels.

You collected 157 gold pieces.

Inventory:

Hand Weapons
 a - a +0 war axe (weapon)
 j - a +0 spear
Armour
 b - a +0 scale mail (worn)
 c - a +0 buckler (worn)
 h - a +2 helmet (worn)
Jewellery
 l - an amulet of reflection (around neck)
Wands
 m - a wand of paralysis (6)
 r - a wand of flame (12)
Scrolls
 e - a scroll of fear
 g - a scroll of immolation {unknown}
 k - a scroll of vulnerability
 n - a scroll of amnesia
Potions
 d - 2 potions of might
 f - 3 potions of curing


   Skills:
 + Level 4.2 Fighting
 + Level 3.5 Axes
 + Level 4.2 Armour
 + Level 4.2 Shields


You had 5 spell levels left.
You didn't know any spells.
Your spell library contained the following spells:

 Spells                   Type           Power      Damage    Failure   Level
 Ensorcelled Hibernation  Hex/Ice        0%         N/A       93%         2
 Passwall                 Tmut/Erth      0%         N/A       93%         2
 Ozocubu's Armour         Ice            0%         N/A       99%         3
 Swiftness                Air            0%         N/A       99%         3
 Iskenderun's Battlesphe  Conj           0%         2d6       100%        5
 Metabolic Englaciation   Hex/Ice        0%         N/A       100%        5
 Iron Shot                Conj/Erth      0%         9d1       100%        6
 Simulacrum               Ice/Necr       0%         N/A       100%        6
 Spellforged Servitor     Conj/Summ      0%         N/A       100%        7


Dungeon Overview and Level Annotations

Branches:
Dungeon (4/15)
 Temple: D:4-7

Altars:
Cheibriados
Fedhas


Message History

* * * LOW HITPOINT WARNING * * *
The orc shouts!
There are monsters nearby!
You are too injured to fight recklessly!
Unknown command.
You are too injured to fight recklessly!
You feel much better. The orc barely misses you.
The hound bites you but does no damage.
You closely miss the hound.
The hound is almost dead.
You closely miss the orc. The hound barely misses you.
The orc priest mumbles some strange prayers to Beogh against you.
Beogh smites you! You block the orc's attack. The hound closely misses you.
You block the orc's attack.
You barely miss the hound.
The hound is almost dead.
You closely miss the orc. The hound bites you but does no damage.
You block the hound's attack. The orc hits you but does no damage.
The orc priest calls down the wrath of Beogh upon you.
Beogh smites you!
* * * LOW HITPOINT WARNING * * *
You hit the hound.
The hound is almost dead.
You slash the orc!
You kill the orc!
The hound bites you but does no damage.
The orc priest mumbles some strange prayers to Beogh against you.
Beogh smites you!
* * * LOW HITPOINT WARNING * * *
The hound completely misses you. The hound bites you but does no damage.
You slash the hound!
You kill the hound!
You hit the orc priest.
You kill the orc priest!
Unknown command.
You barely miss the orc.
You hear some strange, mumbled words.
A puff of flame appears from out of thin air!
The puff of flame hits you.
You die...

##..##.#..# #####....# .
.. #..##.#..#
....#.##..# ...##....##
## .....#.##.(# . ## #
..<..##.#..##. .##.#..#
...##....##... ##....# .
####..##.#..## #@o# ..#
....#.##..#.##..#.##..#
#..##....##....##.{SS#
.....#.##..#.##..#)##o[#
###..##.#..##.#..##.#..#
..##....##....##....#
####.†##.#..##.#..##.#
....#.##..#.##..#.##..
#####....##....##....##


You could see an orc and a ball python.

Vanquished Creatures
  An orc priest (D:4)
  A hound (D:4)
  10 gnolls
  3 adders
  2 worms
  A dart slug (D:1)
  6 orcs
  5 endoplasms
  3 giant cockroaches
  4 hobgoblins
  6 jackals (D:1)
  3 quokkas
  7 ball pythons
  8 bats
  5 frilled lizards
  7 goblins
  5 kobolds
  5 rats
82 creatures vanquished.

Notes
Turn   | Place    | Note
-------+----------+-------------------------------------------
     0 | D:1      | Arctor the Human Fighter began the quest for the Orb.
     0 | D:1      | Reached XP level 1. HP: 18/18 MP: 1/1
   288 | D:1      | Reached XP level 2. HP: 24/24 MP: 2/2
   428 | D:1      | Reached XP level 3. HP: 29/29 MP: 3/3
   902 | D:2      | Reached XP level 4. HP: 35/35 MP: 4/4
  1051 | D:2      | Found a faded altar of an unknown god.
  1102 | D:2      | Found a blossoming altar of Fedhas.
  1126 | D:2      | Reached XP level 5. HP: 38/42 MP: 5/5
  1906 | D:4      | Found a snail-covered altar of Cheibriados.
  1946 | D:4      | Reached XP level 6. HP: 46/48 MP: 6/6
  2165 | D:4      | Killed from afar by an orc wizard

Illustrated notes

Levels and vault maps discovered:
D:1:      dpeg_arrival_brainrot, layout_basic
D:2:      layout_rooms, shapermc_ecumenical_altar_gd, basic_altar
D:3:      cheibrodos_old_hovel, layout_loops_ring, kennysheep_cross_bottleneck,
          grunt_decor_cap, nrook_mini_backslash
D:4:      layout_basic, kennysheep_mini, mainiacjoe_overflow_cross_hatched,
          mainiacjoe_overflow_six_doors_small, nicolae_eternal_life

Skill      XL: |  1  2  3  4  5 |
---------------+----------------+-----
Axes           | 3 |  3.5
Fighting       | 4 |  4.2
Shields        | 4 |  4.2
Armour         | 4 |  4.2

Action                     |  1- 3 |  4- 6 || total
---------------------------+-------+-------++-------
  Melee: War axe           |    86 |   139 ||   225
    Use: Potion            |     1 |     5 ||     6
         Scroll            |       |     4 ||     4
 Armour: Scale mail        |    66 |    62 ||   128
  Dodge: Dodged            |    37 |    61 ||    98
  Block: Buckler           |    27 |    73 ||   100
         Reflection        |       |     1 ||     1
